 Dungeon Crawl Stone Soup version 0.26.1-11-gd32895ea62 (webtiles) character file.

Game seed: 4942691709465443631

816 unlimited1921 the Skirmisher (level 7, -1/71 HPs)
             Began as an Ogre Arcane Marksman on July 14, 2021.
             Slain by an ufetubus (2 damage)
             ... on level 3 of the Dungeon.
             The game lasted 01:20:01 (8633 turns).

unlimited1921 the Skirmisher (Ogre Arcane Marksman) Turns: 8633, Time: 01:20:02

Health: -1/71      AC:  3    Str: 16    XL:     7   Next: 94%
Magic:  12/12      EV: 10    Int: 14    God:
Gold:   210        SH:  0    Dex: 10    Spells: 9/12 levels left

rFire    . . .     SeeInvis .   B - +1 mace (protect)
rCold    . . .     Faith    .   (no shield)
rNeg     . . .     Spirit   .   e - +0 robe
rPois    .         Reflect  .   (helmet restricted)
rElec    .         Harm     .   (no cloak)
rCorr    .         Rampage  .   (gloves unavailable)
Will     +....                  (boots unavailable)
Stlth    +.........             (no amulet)
HPRegen  0.21/turn              p - ring of willpower
MPRegen  0.13/turn              (no ring)

@: no status effects
A: large, unfitting armour, tough skin 1
a: no special abilities


You were on level 3 of the Dungeon.
You visited 1 branch of the dungeon, and saw 5 of its levels.

You collected 210 gold pieces.

Inventory:

Hand Weapons
 a - a +0 hand crossbow
 o - a +1 whip of flaming
 t - a +0 hand axe of freezing
 B - a +1 mace of protection (weapon)
 D - a +0 war axe
Missiles
 d - 10 bolts
 h - 5 silver javelins
 i - 45 arrows
 l - 148 stones
 n - 4 poisoned darts
 s - 4 boomerangs (quivered)
 F - 7 javelins
 I - 22 sling bullets
Armour
 e - a +0 robe (worn)
 k - a +0 ring mail
 v - a +1 leather armour of positive energy
 H - a +0 chain mail of willpower
Jewellery
 f - an uncursed ring of positive energy {unknown}
 p - a ring of willpower (left hand)
 G - an uncursed amulet of the acrobat {unknown}
Scrolls
 b - 2 scrolls of fog
 u - a scroll of enchant weapon
 w - a scroll of immolation {unknown}
 x - a scroll of magic mapping
 y - a scroll of remove curse
 z - a scroll of amnesia {unknown}
 C - a scroll of blinking {unknown}
Potions
 c - a potion of ambrosia
 g - a potion of brilliance {unknown}
 q - a potion of lignification
 r - 2 potions of attraction
 A - a potion of invisibility {unknown}
 E - a potion of magic


   Skills:
 + Level 4.8 Fighting
 - Level 0.3 Short Blades
 - Level 2.6 Maces & Flails
 + Level 2.3 Crossbows
 - Level 2.7 Throwing
 - Level 2.8 Dodging
 - Level 1.0 Stealth
 * Level 3.4 Spellcasting
 * Level 4.3 Hexes


You had 9 spell levels left.
You knew the following spells:

 Your Spells              Type           Power        Failure   Level
a - Corona                Hex            15%          3%          1
b - Slow                  Hex            14%          5%          2

Your spell library contained the following spells:

 Spells                   Type           Power        Failure   Level
 Inner Flame              Hex/Fire       8%           26%         3
 Portal Projectile        Hex/Tloc       16%          26%         3
 Cause Fear               Hex            7%           34%         4
 Leda's Liquefaction      Hex/Erth       4%           63%         4


Dungeon Overview and Level Annotations

Branches:
Dungeon (5/15)
 Temple: D:4-7

Altars:
Nemelex Xobeh


Innate Abilities, Weirdness & Mutations

You are too large for most types of armour.
You have tough skin. (AC +1)


Message History

The ufetubus hits you but does no damage.
The ufetubus hits you.
* * * LOW HITPOINT WARNING * * *
This spell is dangerous to cast!
Memorise Portal Projectile, consuming 3 spell levels and leaving 6?
The ufetubus hits you but does no damage.
Your memorisation is interrupted.
The ufetubus hits you but does no damage. x3
Casting: Slow (safe; 5% risk of failure)
Confirm with . or Enter, or press ? or * to list all spells.
Okay, then.
You start putting on your amulet.
You continue putting on your large malachite amulet.
The ufetubus hits you but does no damage.
Keep equipping yourself?
The ufetubus hits you but does no damage.
You continue putting on your large malachite amulet.
You feel less wooden.
Your +0 robe unmelds from your body.
The ufetubus hits you.
You die...

################
#..............#
#.############.#
#.# #.# #@# #.#
#5# #.# #.# #.#
################.#
#.#
..#...........##.#
#.#
#.#.#########.##.#
#.# #.#.# #.##.#
#.# #.#.# #.##.#
#.# #.#.# #.##.#
#.#


You could see an ufetubus.

Vanquished Creatures
  Pikel (D:4)
  An orc wizard (D:4)
  Natasha (thrice) (D:2 D:1)
  2 worker ants (D:4)
  Robin (D:1)
  4 adders
  3 gnolls (D:3)
  2 oozes
  An adder skeleton (D:4)
  A worm (D:2)
  2 dart slugs (D:2)
  4 leopard geckos
  12 orcs
  7 giant cockroaches
  11 goblins
  11 hobgoblins
  9 jackals
  9 kobolds
  A quokka (D:2)
  A ball python skeleton (D:4)
  8 bats
  6 frilled lizards
  8 rats
108 creatures vanquished.

Notes
Turn   | Place    | Note
-------+----------+-------------------------------------------
     0 | D:1      | unlimited1921 the Ogre Arcane Marksman began the quest for
                  | the Orb.
     0 | D:1      | Reached XP level 1. HP: 19/19 MP: 2/2
   231 | D:1      | Reached XP level 2. HP: 27/27 MP: 4/4
   567 | D:1      | Reached XP level 3. HP: 12/35 MP: 3/5
  1507 | D:1      | Learned a level 2 spell: Slow
  2212 | D:2      | Noticed Robin
  2980 | D:1      | Killed Robin
  2981 | D:1      | Reached XP level 4. HP: 41/42 MP: 0/6
  3696 | D:2      | Reached skill level 1 in Throwing
  4242 | D:2      | Noticed Natasha
  4251 | D:2      | Killed Natasha
  4252 | D:2      | Reached XP level 5. HP: 31/50 MP: 8/8
  4903 | D:2      | Noticed Natasha
  4912 | D:2      | Killed Natasha
  4953 | D:2      | Noticed Natasha
  5327 | D:1      | Killed Natasha
  6288 | D:3      | Reached XP level 6. HP: 59/59 MP: 9/9
  7126 | D:3      | Found a sparkling altar of Nemelex Xobeh.
  7826 | D:4      | Noticed Pikel
  7857 | D:4      | Killed Pikel
  7858 | D:4      | Reached skill level 1 in Stealth
  7858 | D:4      | Reached XP level 7. HP: 64/71 MP: 9/11
  8321 | D:5      | Entered Level 5 of the Dungeon
  8629 | D:3      | HP: 3/106 [ufetubus (3)]
  8630 | D:3      | HP: 1/106 [ufetubus (3)]
  8633 | D:3      | Slain by an ufetubus

Illustrated notes

Levels and vault maps discovered:
D:1:      amcnicky_arrival_feature_with_door, layout_loops_ring
D:2:      layout_basic, uniq_natasha, uniq_robin
D:3:      layout_basic, nemelex_xobeh_ov_fountains_minmay
D:4:      layout_layer_cave, corexii_corridor_pit, uniq_pikel
D:5:      layout_rooms

Skill      XL: |  1  2  3  4  5  6 |
---------------+-------------------+-----
Hexes          | 3 4 |  4.3
Crossbows      | 2 |  2.3
Fighting       | 2 4 |  4.8
Spellcasting   | 2 3 |  3.4
Throwing       | 1 2 |  2.7
Dodging        | 2 |  2.8
Maces & Flails | 2 |  2.6
Stealth        | 1 |  1.0
Short Blades   | |  0.3

Action                   |  1- 3 |  4- 6 |  7- 9 || total
-------------------------+-------+-------+-------++-------
Melee: Short sword       |       |   100 |       ||   100
       Mace              |       |   115 |    20 ||   135
 Fire: Hand crossbow     |    83 |    13 |       ||    96
Throw: Javelin           |    15 |    12 |       ||    27
       Dart              |    12 |    67 |       ||    79
       Boomerang         |     4 |    10 |     5 ||    19
 Cast: Corona            |    13 |       |       ||    13
       Slow              |     8 |       |     3 ||    11
  Use: Scroll            |     3 |     8 |     1 ||    12
       Potion            |       |     8 |     3 ||    11
Armor: Robe              |    25 |    86 |    31 ||   142
       Skin              |       |       |    84 ||    84
Dodge: Dodged            |    54 |   135 |    71 ||   260
